 Dungeon Crawl Stone Soup version 0.29.1-15-g9cfb28693d (webtiles) character file.

Game seed: 2515001186760799805

220 ThatPearl the Ruffian (level 5, -1/79 HPs)
             Began as a Troll Berserker on Mar 25, 2023.
             Was a Believer of Trog.
             Slain by an orc
             ... wielding a +0 flail
              (9 damage)
             ... on level 4 of the Dungeon.
             The game lasted 00:04:59 (1944 turns).

ThatPearl the Ruffian (Troll Berserker)             Turns: 1944, Time: 00:05:00

Health: -1/79      AC:  4    Str: 25    XL:     5   Next: 64%
Magic:  4/4        EV: 10    Int:  5    God:    Trog [**....]
Gold:   100        SH:  0    Dex:  9    Spells: 4/4 levels left

rFire   . . .      SeeInvis .     - Unarmed
rCold   . . .      Faith    .   (no shield)
rNeg    . . .      Spirit   .   a - +0 animal skin
rPois   .          Reflect  .   (helmet restricted)
rElec   .          Harm     .   (no cloak)
rCorr   .          Rampage  .   (gloves unavailable)
Will    .....                   (boots unavailable)
Stlth   ..........              (no amulet)
HPRegen 1.03/turn               (no ring)
MPRegen 0.09/turn               (no ring)

@: berserking (expiring), very quick
A: large, unfitting armour, claws 3, regeneration 1, shaggy fur 1, tough skin 1
a: Renounce Religion, Berserk, Trog's Hand


You were on level 4 of the Dungeon.
You worshipped Trog.
Trog was pleased with you.
You visited 1 branch of the dungeon, and saw 4 of its levels.

You collected 100 gold pieces.

Inventory:

Hand Weapons
 l - the +9 hand axe of the Purse {drain, rElec Str+2}
   (You found it on level 2 of the Dungeon)

   A truly terrible weapon, it drains the life of any living foe it strikes.
   Str:       It affects your strength (+2).
   rElec:     It insulates you from electricity.
Missiles
 c - 52 stones (quivered)
 o - a throwing net
Armour
 a - a +0 animal skin (worn)
Jewellery
 j - an amulet of magic regeneration
 q - an amulet of reflection
Scrolls
 b - a scroll of brand weapon {unknown}
 d - 2 scrolls of noise {unknown}
 e - a scroll of fear {unknown}
 f - 2 scrolls of enchant weapon {unknown}
 i - a scroll of magic mapping {unknown}
 m - a scroll of enchant armour {unknown}
 n - a scroll of silence {unknown}
 r - 2 scrolls of immolation {unknown}
Potions
 g - a potion of heal wounds
 h - a potion of haste
 k - a potion of degeneration {unknown}
 p - 2 potions of lignification {unknown}
 s - a potion of ambrosia {unknown}


   Skills:
 + Level 3.5 Fighting
 + Level 2.1 Throwing
 + Level 2.9 Dodging
 * Level 4.4 Unarmed Combat


You had 4 spell levels left.
You didn't know any spells.
Your spell library was empty.

Dungeon Overview and Level Annotations

Branches:
Dungeon (4/15)
 Temple: D:4-7

Altars:
Cheibriados
Qazlal
Uskayaw
The Shining One


Innate Abilities, Weirdness & Mutations

You are too large for most types of armour.
You have claws for hands.
Your natural rate of healing is unusually fast.
You are covered in fur. (AC +1)
You have tough skin. (AC +1)


Message History

The kobold closely misses you.
The orc priest hits you but does no damage.
You scratch the orc priest.
The orc priest is severely wounded.
The orc barely misses you.
The orc wizard points at you and mumbles some strange words.
The puff of flame hits you!
The kobold hits you with a +0 short sword.
The orc priest invokes the aid of Beogh against you.
Beogh smites you!
* * * LOW HITPOINT WARNING * * *
You claw the orc priest!
You kill the orc priest!
Trog accepts your kill. The orc hits you with a +0 flail.
* * * LOW HITPOINT WARNING * * *
The orc wizard hits you but does no damage.
The kobold closely misses you.
Your Throwing skill increases to level 2!
You mangle the orc wizard!!
You kill the orc wizard!
Trog accepts your kill.
Trog appreciates your killing of a magic user.
The adder bites you.
* * * LOW HITPOINT WARNING * * *
Unknown command.
You closely miss the adder. The adder bites you but does no damage.
The kobold hits you with a +0 short sword.
* * * LOW HITPOINT WARNING * * *
Unknown command.
You mangle the adder!!
You kill the adder!
Trog accepts your kill.
Unknown command.
You barely miss the orc. The white imp gestures at you.
The puff of frost hits you!
* * * LOW HITPOINT WARNING * * *
The orc hits you with a +0 flail!
You die...

_..† .†.. ## ...
###. # .. #... ..
#####.### ##..
#..###....h.. ###
#......o5K# ..
#....o@# ...
###...## # .......
##..# .#.......#
#..# #.....##..##
#.## #....#.###.#
#.# ##...........
#>## #.......##...
#..# ####...##......
#^.###.#....##..#...


You could see a hound, a white imp, 2 orcs and a kobold.

Vanquished Creatures
  A jelly (D:4)
  An orc priest (D:4)
  An iguana (D:4)
  An orc wizard (D:4)
  5 adders
  An orc (D:4)
  4 ball pythons (D:1)
  3 bats
  8 endoplasms
  3 giant cockroaches
  9 hobgoblins
  3 jackals (D:1)
  2 frilled lizards
  3 goblins
  11 kobolds
  5 rats
61 creatures vanquished.

Notes
Turn   | Place    | Note
-------+----------+-------------------------------------------
     0 | D:1      | ThatPearl the Troll Berserker began the quest for the Orb.
     0 | D:1      | Reached XP level 1. HP: 22/22 MP: 0/0
    79 | D:1      | Reached XP level 2. HP: 29/29 MP: 1/1
   303 | D:1      | Reached ** piety under Trog
   414 | D:1      | Reached XP level 3. HP: 36/36 MP: 2/2
   602 | D:2      | Found a stormy altar of Qazlal.
   685 | D:2      | Found a faded altar of an unknown god.
   803 | D:2      | Identified the +9 hand axe of the Purse {drain, rElec
                  | Str+2}
   826 | D:2      | Reached skill level 1 in Throwing
  1044 | D:3      | Found a snail-covered altar of Cheibriados.
  1220 | D:3      | Reached XP level 4. HP: 42/44 MP: 3/3
  1508 | D:3      | Found a glowing golden altar of the Shining One.
  1533 | D:3      | Identified the +1 robe of Leq Hiunn {Rampage rC+ Str+4
                  | Slay-6}
  1860 | D:4      | Reached skill level 4 in Unarmed Combat
  1926 | D:4      | Found a hide-covered altar of Uskayaw.
  1933 | D:4      | Reached XP level 5. HP: 53/53 MP: 4/4
  1944 | D:4      | Slain by an orc

Illustrated notes

Levels and vault maps discovered:
D:1:      psy_arrival_dodecagon, layout_basic, minmay_misc_feat_ornament
D:2:      layout_basic, basic_altar, ebering_ecumenical_altar_hall,
          minmay_tetromino_o4
D:3:      layout_loops_ring, lemuel_coloured_pillars_altar,
          mainiacjoe_overflow_catwalk
D:4:      minmay_chambers_of_twos, layout_layer_cave,
          nicolae_uskayaw_murder_on_the_dancefloor

Skill      XL: |  1  2  3  4  5 |
---------------+----------------+-----
Fighting       | 3 |  3.5
Throwing       | 1 2 |  2.1
Unarmed Combat | 4 |  4.4
Dodging        | |  2.9

Action                   |  1- 3 |  4- 6 || total
-------------------------+-------+-------++-------
Melee: Unarmed           |    74 |    45 ||   119
       Punch             |     1 |     1 ||     2
Invok: Berserk           |       |     1 ||     1
  Use: Scroll            |       |     3 ||     3
 Stab: Sleeping          |       |     1 ||     1
Armor: Animal skin       |    21 |    20 ||    41
Dodge: Dodged            |    30 |    16 ||    46
